 Dungeon Crawl Stone Soup version 0.31.0-12-g77e489cdc1 (webtiles) character file.

Game seed: 11335102653269181186

12658 EonDragon20 the Fighter (level 11, 0/73 HPs)
             Began as a Gargoyle Fire Elementalist on Feb 21, 2024.
             Was a Priest of Qazlal.
             Slain by a komodo dragon (15 damage)
             ... on level 11 of the Dungeon.
             The game lasted 00:41:23 (14247 turns).

EonDragon20 the Fighter (GrFE)                     Turns: 14247, Time: 00:41:23

Health: 0/73       AC: 14    Str: 11    XL:     11   Next: 96%
Magic:  8/24       EV: 11    Int: 24    God:    Qazlal [***...]
Gold:   444        SH:  4    Dex: 10    Spells: 14/28 levels left

rFire   . . .        s - +8 scimitar (holy)
rCold   . . .        q - orb {*channel}
rNeg    + . .        a - +0 robe
rPois   ∞            x - +1 hat
rElec   +            E - +1 cloak "Fuypno" {Int+3}
rCorr   .            k - +0 pair of gloves
SInv    .            (no boots)
Will    .....        (no amulet)
Stlth   +            (no ring)
HPRegen 0.32/turn    (no ring)
MPRegen 0.19/turn

%: channel magic (20%)
@: no status effects
A: sickness immunity, AC +8, negative energy resistance 1, electricity
resistance, torment resistance 1, petrification resistance
a: Renounce Religion, Upheaval, Elemental Force


You were on level 11 of the Dungeon.
You worshipped Qazlal.
Qazlal was most pleased with you.
You visited 2 branches of the dungeon, and saw 12 of its levels.
You also visited: Sewer.

You collected 786 gold pieces.
You spent 342 gold pieces at shops.

Inventory:

Hand Weapons
 s - a +8 scimitar of holy wrath (weapon)
Missiles
 C - a throwing net
Armour
 a - a +0 robe (worn)
 k - a +0 pair of gloves (worn)
 q - an orb of energy (worn)
 x - a +1 hat (worn)
 E - the +1 cloak "Fuypno" (worn) {Int+3}
   (You bought it in a shop on level 11 of the Dungeon)

   Int+3:     It affects your intelligence (+3).
Jewellery
 i - an amulet of reflection
 l - a ring of fire
 v - a ring of see invisible
 F - a ring of fire
Wands
 j - a wand of flame (19)
 u - a wand of paralysis (18)
 B - a wand of acid (5)
 D - a wand of iceblast (5)
 G - a wand of digging (5)
Scrolls
 f - 5 scrolls of teleportation
 t - a scroll of silence
 y - 2 scrolls of amnesia
 H - a scroll of identify
Potions
 b - 2 potions of magic
 c - a potion of heal wounds {unknown}
 d - 3 potions of enlightenment
 e - 4 potions of invisibility
 g - 3 potions of lignification
 h - a potion of mutation {unknown}
 m - 2 potions of might
 n - a potion of attraction {unknown}
 o - a potion of berserk rage
 p - 2 potions of brilliance {unknown}
 r - a potion of degeneration {unknown}
 w - a potion of haste {unknown}
 z - a potion of curing {unknown}
 A - 2 potions of cancellation {unknown}


   Skills:
 * Level 10.6 Fighting
 - Level 1.5 Dodging
 - Level 2.2 Stealth
 * Level 9.2 Spellcasting
 - Level 10.0 Conjurations
 - Level 9.7 Fire Magic


You had 14 spell levels left.
You knew the following spells:

 Your Spells              Type           Power      Damage    Failure   Level
a - Foxfire               Conj/Fire      100%       2x1d9     1%          1
b - Scorch                Fire           100%       2d9       1%          2
c - Flame Wave            Conj/Fire      56%        2d13      5%          4
d - Inner Flame           Hex/Fire       34%        N/A       9%          3
e - Magic Dart            Conj           100%       1d8       1%          1
f - Searing Ray           Conj           100%       2d8       1%          2
g - Shock                 Conj/Air       100%       1d9       4%          1

Your spell library contained the following spells:

 Spells                   Type           Power      Damage    Failure   Level
 Volatile Blastmotes      Fire/Tloc      68%        2d15      9%          3
 Mephitic Cloud           Conj/Alch/Air  27%        N/A       13%         3
 Fulminant Prism          Conj/Alch      17%        3d11      19%         4
 Ensorcelled Hibernation  Hex/Ice        22%        N/A       22%         2
 Mercury Vapours          Alch/Air       22%        N/A       22%         2
 Frozen Ramparts          Ice            22%        1d4       36%         3
 Passwall                 Erth           11%        N/A       36%         3
 Swiftness                Air            11%        N/A       36%         3
 Arcjolt                  Conj/Air       17%        1d27      41%         5
 Freezing Cloud           Conj/Ice/Air   13%        6-21      58%         5
 Airstrike                Air            5%         2d(1-17)  71%         4
 Dispel Undead            Necr           11%        3d9       71%         4
 Leda's Liquefaction      Alch/Erth      5%         N/A       71%         4
 Martyr's Knell           Necr/Summ      11%        N/A       71%         4
 Petrify                  Alch/Erth      11%        N/A       71%         4
 Vhi's Electric Charge    Tloc/Air       22%        N/A       71%         4
 Metabolic Englaciation   Hex/Ice        5%         N/A       95%         5
 Death Channel            Necr           5%         N/A       100%        6
 Maxwell's Capacitive Co  Air            5%         ∞         100%        8
 Cigotuvi's Dreadful Rot  Necr/Alch/Air  Unusable   N/A       N/A         2

Dungeon Overview and Level Annotations

Branches:
Dungeon (11/15)            Temple (1/1) D:6            Lair (0/5) D:8
    Orc (0/2) D:9           Sewer (visited)

Altars:
Ashenzari
Cheibriados
Dithmenos
Elyvilon
Fedhas
Gozag
Hepliaklqana
Kikubaaqudgha
Makhleb
Nemelex Xobeh
Okawaru
Qazlal
Ru
Sif Muna
Trog
Uskayaw
Vehumet
Wu Jian
Xom
Yredelemnul
Zin
The Shining One

Shops:
D:3 (   D:11 *::


Innate Abilities, Weirdness & Mutations

You are immune to sickness and miasma.
Your stone body is resilient. (AC +8)
You are immune to poison.
You resist negative energy. (rN+)
You are resistant to electric shocks. (rElec)
You are resistant to unholy torment.
You are immune to petrification.


Message History

Magical energy flows into your mind!
Your surroundings suddenly seem different.
Found a scroll labelled SEUSKYL OTHRUI.
Found a stone staircase leading down.
You hear an angry hiss.
You start resting.
A komodo dragon comes into view.
Casting: Scorch (safe; 1% risk of failure)
Confirm with . or Enter, or press ? or * to list all spells.
You conjure some foxfire!
The foxfire hits the komodo dragon but does no damage.
The foxfire hits the komodo dragon.
The komodo dragon is lightly wounded.
Casting: Foxfire (safe; 1% risk of failure)
Confirm with . or Enter, or press ? or * to list all spells.
You conjure some foxfire!
Casting: Foxfire (safe; 1% risk of failure)
Confirm with . or Enter, or press ? or * to list all spells.
You conjure some foxfire!
The foxfire hits the komodo dragon but does no damage.
The komodo dragon is lightly wounded.
The foxfire hits the komodo dragon but does no damage.
The komodo dragon is lightly wounded.
The komodo dragon bites you!
Casting: Foxfire (safe; 1% risk of failure)
Confirm with . or Enter, or press ? or * to list all spells.
Flames lash the komodo dragon.
The komodo dragon is lightly wounded.
The komodo dragon's fire resistance burns away.
The foxfire hits the komodo dragon but does no damage.
The komodo dragon is lightly wounded.
The foxfire hits the komodo dragon but does no damage.
The komodo dragon is lightly wounded.
The komodo dragon bites you!
* * * LOW HITPOINT WARNING * * *
Casting: Scorch (safe; 1% risk of failure)
Confirm with . or Enter, or press ? or * to list all spells.
Flames lash the komodo dragon.
The komodo dragon is burned terribly!
The komodo dragon is severely wounded.
The komodo dragon bites you!
You die...

........#
#...>.......## ##...#
......###
#.......###..###....#
.#....# #....####
##...†....# .##...#
#.#### ##....#..# [.
...# #. ### #..†##...
##.###..
#............ #......
..............
###....§#
#############.
.......@# ##
######.l# # ##?.# #
##># # .# # ## #


You could see a komodo dragon (combustible).

Vanquished Creatures
  Gastronok (D:9)
  4 two-headed ogres
  Nergalle (D:10)
  Lodul (D:11)
  An unseen horror (D:10)
  2 trolls
  Psyche (D:9)
  Prince Ribbit (D:9)
  A shadow (D:11)
  A wyvern (D:11)
  2 wraiths
  A yak (D:9)
  Grum (D:11)
  2 water moccasins
  2 sky beasts
  Pargi (Sewer)
  3 ice beasts
  6 orc warriors
  6 wolves
  9 ogres (D:11)
  3 centaurs
  7 kobold brigands
  A phantom (D:6)
  A brain worm (Sewer)
  4 bullfrogs
  6 scorpions
  8 wights
  15 killer bees
  A howler monkey (D:7)
  A bombardier beetle (D:6)
  A hound (D:6)
  A jelly (D:5)
  4 orc priests
  Jessica (D:2)
  3 iguanas
  Ijyb (D:3)
  13 orc wizards
  Natasha (thrice) (D:2)
  2 sleepcaps (D:6)
  13 adders
  2 white imps (D:6)
  6 ufetubi
  4 ribbon worms
  35 orcs
  7 ball pythons
  7 endoplasms
  3 giant cockroaches
  7 goblins
  8 hobgoblins
  4 jackals (D:1)
  4 quokkas
  15 bats
  3 frilled lizards
  32 kobolds
  7 rats
280 creatures vanquished.

Vanquished Creatures (others)
  844 foxfires
844 creatures vanquished.

Grand Total: 1124 creatures vanquished

Notes
Turn   | Place    | Note
-------+----------+-------------------------------------------
     0 | D:1      | EonDragon20 the Gargoyle Fire Elementalist began the quest
                  | for the Orb.
     0 | D:1      | Reached XP level 1. HP: 10/10 MP: 3/3
   318 | D:1      | Reached XP level 2. HP: 15/15 MP: 3/5
  1247 | D:2      | Noticed Natasha
  1294 | D:2      | Killed Natasha
  1295 | D:2      | Reached XP level 3. HP: 19/19 MP: 2/6
  1330 | D:1      | Learned a level 2 spell: Scorch
  1360 | D:2      | Noticed Jessica
  1366 | D:2      | Killed Jessica
  1367 | D:2      | Reached XP level 4. HP: 21/24 MP: 3/7
  1556 | D:2      | Noticed Natasha
  1730 | D:2      | Killed Natasha
  1731 | D:2      | Reached XP level 5. HP: 28/28 MP: 2/8
  1759 | D:2      | Noticed Natasha
  1764 | D:2      | Killed Natasha
  1843 | D:2      | You fall into a shaft and drop 2 floors!
  2495 | D:2      | Found a hazy altar of Hepliaklqana.
  2564 | D:2      | Learned a level 4 spell: Flame Wave
  2717 | D:3      | Noticed Ijyb
  2734 | D:3      | Killed Ijyb
  2887 | D:3      | Reached skill level 5 in Fire Magic
  2940 | D:3      | Found a faded altar of an unknown god.
  3007 | D:3      | Reached XP level 6. HP: 27/32 MP: 5/9
  3185 | D:3      | Found a hide-covered altar of Uskayaw.
  3194 | D:3      | Found Asiylura's Weapon Shoppe.
  4171 | D:4      | Found a shadowy altar of Dithmenos.
  4243 | D:4      | Identified the +3 scale mail "Put-Me-On" {rPois rC+ Slay+3}
  4309 | D:5      | Entered Level 5 of the Dungeon
  4362 | D:5      | Reached skill level 5 in Conjurations
  4471 | D:5      | Found a glowing drain.
  4475 | D:5      | Noticed a water moccasin
  4481 | D:5      | Killed a water moccasin
  4482 | D:5      | Reached XP level 7. HP: 36/36 MP: 1/10
  4564 | Sewer    | Entered a sewer
  4646 | Sewer    | Noticed Pargi
  4729 | Sewer    | Killed Pargi
  5314 | D:5      | Reached XP level 8. HP: 41/41 MP: 6/11
  6469 | D:6      | Found a staircase to the Ecumenical Temple.
  6528 | Temple   | Entered the Ecumenical Temple
  6549 | Temple   | Became a worshipper of Qazlal Stormbringer
  6735 | D:6      | Reached XP level 9. HP: 30/45 MP: 0/12
  6980 | D:6      | Noticed a two-headed ogre
  7665 | D:6      | Killed a two-headed ogre
  7666 | D:6      | Reached skill level 10 in Conjurations
  7804 | D:7      | Reached skill level 1 in Fighting
  7861 | D:7      | Found a shimmering blue altar of Sif Muna.
  9090 | D:7      | Identified a scroll of acquirement
  9090 | D:7      | Acquired a +6 scimitar of holy wrath
  9131 | D:8      | Reached XP level 10. HP: 29/56 MP: 4/15
  9228 | D:8      | Found a radiant altar of Vehumet.
  9229 | D:8      | Found a glowing golden altar of the Shining One.
  9229 | D:8      | Found a hazy altar of Hepliaklqana.
  9229 | D:8      | Found an ornate altar of the Wu Jian Council.
  9239 | D:8      | Reached * piety under Qazlal
  9393 | D:8      | Identified the +5 short sword "Vaifyex" {flame, Str+5}
  9409 | D:8      | Found a blossoming altar of Fedhas.
  9430 | D:8      | Found a staircase to the Lair.
  9763 | D:8      | Reached skill level 5 in Fighting
  9931 | D:8      | Noticed a two-headed ogre
  9945 | D:8      | Killed a two-headed ogre
  9946 | D:8      | Reached skill level 5 in Spellcasting
 10220 | D:8      | Learned a level 3 spell: Inner Flame
 10456 | D:9      | Reached ** piety under Qazlal
 10823 | D:9      | Noticed a two-headed ogre
 10834 | D:8      | Killed a two-headed ogre
 10934 | D:9      | Reached XP level 11. HP: 47/68 MP: 14/21
 11023 | D:9      | Noticed Gastronok
 11092 | D:9      | Noticed Prince Ribbit
 11263 | D:9      | Killed Prince Ribbit
 11319 | D:9      | Found a white marble altar of Elyvilon.
 11411 | D:9      | Found a staircase to the Orcish Mines.
 11638 | D:9      | Noticed Psyche
 11679 | D:9      | Killed Psyche
 11903 | D:9      | Killed Gastronok
 12220 | D:9      | Learned a level 1 spell: Magic Dart
 12223 | D:9      | Learned a level 2 spell: Searing Ray
 12225 | D:9      | Learned a level 1 spell: Shock
 12226 | D:10     | Entered Level 10 of the Dungeon
 12265 | D:10     | Found a flagged portal.
 12532 | D:10     | Noticed a two-headed ogre
 12540 | D:10     | Killed a two-headed ogre
 12713 | D:10     | Noticed Nergalle
 12723 | D:10     | Killed Nergalle
 12985 | D:11     | Found Geoph's General Store.
 12996 | D:11     | Bought the +1 cloak "Fuypno" {Int+3} for 342 gold pieces
 13052 | D:11     | Noticed Grum
 13070 | D:11     | Killed Grum
 13258 | D:11     | Found Guomisui's Book Emporium.
 13568 | D:11     | Reached *** piety under Qazlal
 13569 | D:11     | Reached skill level 10 in Fighting
 13573 | D:11     | Noticed Lodul
 13631 | D:11     | Killed Lodul
 13881 | D:11     | Found Wohefrun's Self-Improvement Boutique.
 14216 | D:11     | Noticed a boulder beetle
 14247 | D:11     | Slain by a komodo dragon

Illustrated notes

Levels and vault maps discovered:
D:1:      kennysheep_arrival_seaside, layout_loops_ring
D:2:      layout_rooms, basic_altar, chequers_serial_rivers_room_a,
          uniq_natasha, uniq_jessica
D:3:      layout_basic, nicolae_overflow_crystal_walls, serial_shops, shop,
          dreamdust_ecumenical_altar_angels_and_demons, uniq_ijyb
D:4:      layout_rooms, mainiacjoe_overflow_alcove_1
D:5:      layout_loops_ring, cheibrodos_sewer_entry_sluice, serial_rivers,
          chequers_serial_rivers_micro_d, chequers_serial_rivers_micro_b,
          chequers_serial_rivers_micro_a, chequers_serial_rivers_small_a,
          grunt_ministairs_1
D:6:      cheibrodos_barr_body, layout_loops_cross, minmay_temple_entry_wispy
D:7:      layout_layer_cave, mainiacjoe_overflow_six_doors_small, minivault_24
D:8:      layout_gridville, chequers_temple_overflow_statue_of_worship,
          mainiacjoe_overflow_24_doors, erik_lair_orcish_takeover
D:9:      layout_gridville, mainiacjoe_overflow_alcove_4, david_orc_3,
          minmay_fractal_squares_diagonal_5, uniq_prince_ribbit1, uniq_psyche,
          uniq_gastronok
D:10:     layout_cave_pools, enter_bailey_5, uniq_nergalle
D:11:     layout_layer_cave, serial_shops, nicolae_shop_advertising_works
          [nicolae_subvault_shop_adworks], shop, shop, serial_rivers,
          chequers_serial_rivers_large_b, chequers_serial_rivers_small_3,
          chequers_serial_rivers_small_b, chequers_serial_rivers_large_a,
          nicolae_shop_self_help, uniq_grum, uniq_lodul
Temple:   nicolae_temple_god_jail

Skill      XL: |  1  2  3  4  5  6  7  8  9 10 11 |
---------------+----------------------------------+-----
Conjurations   | 2 3 4 5 6 8 10 | 10.0
Fire Magic     | 4 5 6 8 9 |  9.7
Fighting       | 3 7 10 | 10.6
Spellcasting   | 3 6 9 |  9.2
Dodging        | |  1.5
Stealth        | |  2.2

Action                     |  1- 3 |  4- 6 |  7- 9 | 10-12 || total
---------------------------+-------+-------+-------+-------++-------
  Melee: Unarmed           |    24 |     6 |     3 |       ||    33
         Punch             |       |     1 |       |       ||     1
         Scimitar          |       |       |       |     3 ||     3
   Cast: Foxfire           |    44 |   134 |   161 |   164 ||   503
         Scorch            |       |    13 |    58 |    82 ||   153
         Flame Wave        |       |       |     2 |    22 ||    24
         Searing Ray       |       |       |       |     3 ||     3
    Use: Scroll            |     3 |     3 |     4 |     6 ||    16
         Potion            |       |     1 |       |       ||     1
 Armour: Robe              |    50 |    33 |    58 |   134 ||   275
         Skin              |       |       |       |     6 ||     6
  Dodge: Dodged            |    56 |    36 |    57 |    92 ||   241
